 Dungeon Crawl Stone Soup version 0.26-a0-753-g4680b4fa2e (webtiles) character file.

Game seed: 5542138016983625704

7986 Morbidden the Carver (level 11, -1/101 HPs)
             Began as a Palentonga Fighter on Nov 7, 2020.
             Was a Believer of Wu Jian.
             Incinerated by a smoke demon (3 damage)
             ... with a sticky flame
             ... on level 1 of the Abyss.
             The game lasted 00:26:02 (11404 turns).

Morbidden the Carver (Palentonga Fighter)          Turns: 11404, Time: 00:26:02

Health: -1/101     AC:  7    Str: 29      XL:     11   Next: 4%
Magic:  16/16      EV:  9    Int:  8      God:    Wu Jian [**....]
Gold:   623        SH: 16    Dex:  9 (10) Spells: 17/17 levels left

rFire    . . .     SeeInvis +   a - +0 long sword
rCold    . . .     Faith    .   c - +0 kite shield
rNeg     . . .     Spirit   .   G - +0 troll leather armour
rPois    .         Reflect  +   (no helmet)
rElec    .         Harm     .   (no cloak)
rCorr    .         Rampage  .   p - +0 pair of gloves
MR       .....                  (no barding)
Stlth    +.........             m - amulet of reflection
HPRegen  0.66/turn              z - +6 ring of strength
MPRegen  0.15/turn              (no ring)

@: liquid flames, about to teleport, glowing
A: large, rugged brown scales 3, see invisible, deformed body, roll, armoured
tail, reflexive curl
a: Rolling Charge, Wall Jump, Renounce Religion


You were on level 1 of the Abyss.
You worshipped Wu Jian.
Wu Jian was pleased with you.
You visited 2 branches of the dungeon, and saw 11 of its levels.
You visited the Abyss 1 time.

You collected 623 gold pieces.

Inventory:

Hand Weapons
 a - a +0 long sword (weapon)
Missiles
 h - 7 poisoned darts (quivered)
Armour
 c - a +0 kite shield (worn)
 p - a +0 pair of gloves (worn)
 G - a +0 troll leather armour (worn)
Jewellery
 m - an amulet of reflection (around neck)
 z - a +6 ring of strength (left hand)
 B - an uncursed ring of wizardry
 F - an uncursed ring of ice
Scrolls
 b - a scroll of magic mapping {unknown}
 e - 7 scrolls of identify
 g - a scroll of blinking
 j - 2 scrolls of noise {unknown}
 q - 8 scrolls of remove curse
 r - 2 scrolls of fear {unknown}
 t - 2 scrolls of amnesia
 y - a scroll of immolation {unknown}
 D - a scroll of vulnerability {unknown}
 E - a scroll of holy word {unknown}
Potions
 d - 2 potions of might
 f - 2 potions of curing
 i - a potion of flight {unknown}
 k - 2 potions of lignification {unknown}
 n - a potion of heal wounds {unknown}
 o - 2 potions of haste
 s - a potion of ambrosia {unknown}
 u - a potion of berserk rage {unknown}
 v - a potion of degeneration {unknown}
 w - a potion of attraction {unknown}
 x - 2 potions of resistance {unknown}
 A - a potion of invisibility {unknown}
 C - a potion of cancellation {unknown}


   Skills:
 * Level 8.9 Fighting
 + Level 9.5 Long Blades
 + Level 2.1 Throwing
 + Level 5.8 Armour
 + Level 2.3 Dodging
 + Level 6.9 Shields
 * Level 3.7 Spellcasting


You had 17 spell levels left.
You didn't know any spells.
Your spell library contained the following spells:

 Spells                   Type           Power        Failure   Level
 Animate Skeleton         Necr           #.....       45%         1
 Apportation              Tloc           #.....       45%         1
 Corona                   Hex            #......      45%         1
 Sandblast                Erth           #.....       45%         1
 Summon Small Mammal      Summ           #...         45%         1
 Passwall                 Tmut/Erth      #.......     61%         2
 Lesser Beckoning         Tloc           #.........   83%         3
 Stone Arrow              Conj/Erth      #.....       83%         3
 Tukima's Dance           Hex            #.......     83%         3
 Petrify                  Tmut/Erth      #.......     99%         4
 Alistair's Intoxication  Tmut/Pois      #........    100%        5
 Lee's Rapid Deconstruct  Erth           #.........   100%        5
 Invisibility             Hex            #.......     100%        6


Dungeon Overview and Level Annotations

Branches:
Dungeon (12/15)            Temple (1/1) D:7            Lair (0/6) D:8
    Orc: D:9-12

Altars:
Ashenzari
Cheibriados
Dithmenos
Elyvilon
Fedhas
Gozag
Hepliaklqana
Kikubaaqudgha
Makhleb
Nemelex Xobeh
Okawaru
Qazlal
Ru
Sif Muna
Trog
Uskayaw
Wu Jian
Xom
Yredelemnul
Zin
The Shining One

Shops:
D:2 *   D:6 [   D:8 =

Annotations:
D:9 2 transporters, kuniqs's ghost, journeyman FoFi
D:12 Sonja


Innate Abilities, Weirdness & Mutations

You are completely covered in rugged brown scales. (AC +3, +7% HP)
You have supernaturally acute eyesight. (SInv)
Armour fits poorly on your strangely shaped body.
You can roll at foes to attack.
You have a long armoured tail.
You curl defensively after being hit.


Message History

The smoke demon gestures at you. The sticky flame hits you.
You are covered in liquid flames!
* * * LOW HITPOINT WARNING * * *
You block the quasit's attack. The quasit closely misses you.
You block the quasit's attack.
The raiju is engulfed in a cloud of scalding steam.
The raiju bursts into living lightning!
The living lightning hits you.
* * * LOW HITPOINT WARNING * * *
The raiju blinks!
Unknown command.
Unknown command.
Unknown command.
Okay, then.
Okay, then.
Press: ? - help, Dir - move target cursor
As you read the scroll of blinking, it crumbles to dust.
You are covered in liquid flames!
You die...

## ##§##### ##
#..@...# .
#...#.#.####.
# #...
..#.#... .#
##.# .#....§#
#.# ##
#.#.#h3.####
......§.§.#
#.#..#§§.##
.##
#...#5.X.##..#
#.. ##.#...##


You could see a raiju.

Vanquished Creatures
  A two-headed ogre (D:12)
  A troll (D:12)
  A slime creature (D:12)
  A raiju (Abyss:1)
  A shadow (D:12)
  3 yaks (D:12)
  Sigmund (D:3)
  3 wraiths (D:8)
  3 wargs
  Edmund (D:4)
  2 orc warriors
  A black bear (D:12)
  3 ice beasts
  5 phantoms
  A sky beast (D:8)
  A necrophage (D:12)
  9 ogres
  7 centaurs
  Blork the orc (D:4)
  7 bullfrogs
  2 scorpions
  5 wights (D:8)
  2 howler monkeys
  A centaur zombie (D:9)
  A bullfrog zombie (D:12)
  4 human zombies (D:8)
  5 hounds
  A bullfrog skeleton (D:12)
  2 centaur skeletons
  4 orc priests
  An iguana (D:6)
  A human skeleton (D:8)
  11 orc wizards
  6 worker ants
  2 hound skeletons
  3 mummies (D:8)
  A howler monkey skeleton (D:5)
  18 adders
  A worker ant zombie (D:8)
  A shadow imp (D:5)
  A white imp (D:8)
  2 ufetubi
  5 worms
  2 dart slugs (D:3)
  7 leopard geckos
  40 orcs
  6 ball pythons
  4 giant cockroaches
  7 goblins
  7 hobgoblins
  17 jackals
  4 quokkas
  6 bats
  4 frilled lizards
  14 kobolds
  An orc skeleton (D:8)
  7 rats
259 creatures vanquished.

Vanquished Creatures (others)
  An ufetubus (Abyss:1)
  54 plants
  10 starspawn tentacles (Abyss:1)
65 creatures vanquished.

Grand Total: 324 creatures vanquished

Notes
Turn   | Place    | Note
-------+----------+-------------------------------------------
     0 | D:1      | Morbidden the Palentonga Fighter began the quest for the
                  | Orb.
     0 | D:1      | Reached XP level 1. HP: 20/20 MP: 1/1
   206 | D:1      | Reached XP level 2. HP: 27/27 MP: 2/2
   649 | D:1      | Reached XP level 3. HP: 35/35 MP: 3/3
   897 | D:2      | Found Zin's Purification Station.
  1262 | D:2      | Found a glowing silver altar of Zin.
  1853 | D:2      | Reached XP level 4. HP: 42/42 MP: 4/4
  2266 | D:3      | Found a hazy altar of Hepliaklqana.
  2350 | D:3      | Reached skill level 3 in Long Blades
  2350 | D:3      | Reached XP level 5. HP: 43/49 MP: 5/5
  2895 | D:3      | Reached XP level 6. HP: 56/56 MP: 6/6
  2924 | D:3      | Noticed Sigmund
  2930 | D:3      | Killed Sigmund
  2930 | D:3      | Reached skill level 5 in Fighting
  2930 | D:3      | Reached skill level 4 in Long Blades
  2930 | D:3      | Reached skill level 1 in Throwing
  3026 | D:3      | Gained mutation: You curl defensively after being hit.
                  | [Palentonga growth]
  3026 | D:3      | Reached XP level 7. HP: 65/65 MP: 7/7
  3102 | D:3      | Found a burning altar of Makhleb.
  3324 | D:4      | Noticed Blork the orc
  3338 | D:4      | Killed Blork the orc
  3565 | D:4      | Noticed Edmund
  3606 | D:4      | Killed Edmund
  3606 | D:4      | Reached skill level 1 in Dodging
  4060 | D:5      | Entered Level 5 of the Dungeon
  4098 | D:5      | Reached skill level 5 in Long Blades
  4370 | D:5      | Reached XP level 8. HP: 24/74 MP: 8/8
  5395 | D:6      | Reached skill level 6 in Long Blades
  5505 | D:6      | Found Anlut's Armour Emporium.
  5953 | D:7      | Found a staircase to the Ecumenical Temple.
  5961 | D:7      | Reached XP level 9. HP: 82/83 MP: 9/9
  5969 | Temple   | Entered the Ecumenical Temple
  6151 | Temple   | Became a worshipper of the Wu Jian Council
  6562 | D:7      | Reached skill level 5 in Shields
  6612 | D:7      | Reached skill level 7 in Long Blades
  6623 | D:7      | Found a blossoming altar of Fedhas.
  6738 | D:7      | Found a shimmering blue altar of Sif Muna.
  7705 | D:8      | Found Idamov's Jewellery Boutique.
  7787 | D:8      | Reached skill level 1 in Spellcasting
  7815 | D:8      | Reached * piety under Wu Jian
  8441 | D:8      | Reached skill level 5 in Armour
  8459 | D:8      | Found a staircase to the Lair.
  8590 | D:8      | Reached skill level 8 in Long Blades
  8707 | D:8      | Reached XP level 10. HP: 73/94 MP: 13/13
  9509 | D:8      | Found an ancient bone altar of Kikubaaqudgha.
 10069 | D:9      | Reached ** piety under Wu Jian
 10093 | D:9      | Noticed a two-headed ogre
 10093 | D:9      | Noticed kuniqs's ghost (journeyman FoFi)
 10093 | D:9      | Noticed a two-headed ogre
 10094 | D:9      | Found a bloodstained altar of Trog.
 10094 | D:9      | Noticed a cyclops
 10099 | D:9      | Found a transporter.
 10100 | D:9      | Noticed a moth of wrath
 10185 | D:9      | Found a transporter.
 10185 | D:9      | Identified the cursed +1 great mace of the Sea {antimagic,
                  | MR+}
 10185 | D:9      | Noticed an orc knight
 10213 | D:9      | You fall into a shaft and drop 3 floors!
 10704 | D:12     | Reached skill level 9 in Long Blades
 10922 | D:12     | Noticed a two-headed ogre
 11110 | D:12     | Killed a two-headed ogre
 11110 | D:12     | Reached XP level 11. HP: 78/101 MP: 16/16
 11172 | D:12     | Noticed Sonja
 11175 | D:12     | Cast into level 1 of the Abyss (Sonja)
 11328 | Abyss:1  | Noticed a rakshasa
 11333 | Abyss:1  | Noticed a hellephant
 11349 | Abyss:1  | Noticed a tentacled starspawn
 11357 | Abyss:1  | Noticed a tentacled starspawn
 11403 | Abyss:1  | HP: 5/101 [smoke demon/sticky flame (4)]
 11403 | Abyss:1  | HP: 2/101 [raiju/living lightning (3)]
 11404 | Abyss:1  | Incinerated by a smoke demon

Illustrated notes

Levels and vault maps discovered:
D:1:      co_arrival_random_square_maze, layout_basic, serial_forest,
          infiniplex_forest_clump_double, infiniplex_forest_lined_3,
          infiniplex_forest_fountain, infiniplex_forest_straight_1,
          infiniplex_forest_straight_1, infiniplex_forest_lined_3
D:2:      layout_basic, zin_purify, ebering_dispersal_statue_hall
D:3:      layout_loops_cross, old_standard_altar, lemuel_doored_altar,
          serial_bayou, serial_bayou_pond_c, serial_bayou_pond_a,
          serial_bayou_lake_a, serial_bayou_lagoon_a, serial_bayou_ford_a,
          minmay_snake_closets, uniq_sigmund
D:4:      layout_rooms, serial_bayou_crossing, uniq_blork_the_orc, uniq_edmund
D:5:      layout_rooms, grunt_decor_cap, kennysheep_generic_room_15
D:6:      layout_rooms, serial_shops, shop
D:7:      layout_layer_cave, old_standard_altar, led_sif_pool,
          minmay_temple_entry_sparse_star
D:8:      layout_rooms, erik_lair_orcish_takeover, serial_shops,
          nicolae_shop_crystal, lemuel_mausoleum_altar_kikubaaqudgha
D:9:      layout_roguey, nicolae_overflow_hidden_temple,
          gammafunk_ghost_wrathful_warriors
D:12:     layout_basic, orc_0_dummy, statue_in_the_mist_lemuel, uniq_sonja
Temple:   eino_temple_scatter_basement
Abyss:1:  base: D:3, evilmike_abyss_exit_8

Skill      XL: |  1  2  3  4  5  6  7  8  9 10 |
---------------+-------------------------------+-----
Fighting       | 4 5 6 7 8 |  8.9
Armour         | 3 4 5 |  5.8
Long Blades    | 3 4 5 6 8 9 |  9.5
Shields        | 3 4 6 |  6.9
Throwing       | 1 2 |  2.1
Dodging        | 1 2 |  2.3
Spellcasting   | 2 3 |  3.7

Action                   |  1- 3 |  4- 6 |  7- 9 | 10-12 || total
-------------------------+-------+-------+-------+-------++-------
Melee: Long sword        |   109 |   111 |   503 |   276 ||   999
       Tailslap          |    13 |    22 |    81 |    68 ||   184
Throw: Dart              |    15 |    29 |    24 |     8 ||    76
Invok: Lunge             |       |       |     5 |     5 ||    10
       Whirlwind         |       |       |       |     5 ||     5
 Abil: Rolling Charge    |    39 |    11 |    62 |    21 ||   133
       Wall Jump         |       |       |       |     4 ||     4
  Use: Scroll            |       |     2 |     5 |     3 ||    10
       Potion            |       |       |       |     2 ||     2
Armor: Scale mail        |    44 |    40 |    98 |       ||   182
       Chain mail        |       |       |   189 |    47 ||   236
       Troll leather arm |       |       |       |     7 ||     7
Dodge: Dodged            |    20 |    20 |   120 |    42 ||   202
Block: Kite shield       |    45 |    48 |   433 |   184 ||   710
       Reflection        |       |       |    12 |     3 ||    15
       Rpst.: Long sword |     5 |     6 |    39 |    11 ||    61

Table legend: (Time is in decaauts)
 A = Elapsed time spent in this place.
 B = Non-inter-level travel time spent in this place.
 C = Inter-level travel time spent in this place.
 D = Time resting spent in this place.
 E = Time spent auto-exploring this place.
 F = Levels seen in this place.
 G = Mean time per level.
                   A        B        C        D        E       F      G
               +--------+--------+--------+--------+--------+-----+--------+
         Total |  11707 |  11468 |    239 |   2263 |   7023 |  12 |  975.6 |
       Dungeon |  11274 |  11063 |    211 |   2248 |   6781 |  10 | 1127.4 |
        Temple |    200 |    172 |     28 |      0 |    153 |   1 |  200.0 |
         Abyss |    232 |    232 |      0 |     14 |     89 |   1 |  232.0 |
               +--------+--------+--------+--------+--------+-----+--------+

Top non-repeatable levels by time:
     D:7: 2100 daAuts
     D:8: 1883 daAuts
     D:3: 1439 daAuts
     D:5: 1164 daAuts
     D:2: 1130 daAuts
    D:12: 964 daAuts
     D:1: 863 daAuts
     D:4: 813 daAuts
     D:6: 743 daAuts
 Abyss:1: 232 daAuts
  Temple: 200 daAuts
     D:9: 172 daAuts
